 Dungeon Crawl Stone Soup version 0.28-b1-1-g3c77fb2ed1 (webtiles) character file.

Game seed: 5423009313725997307

381 belegose the Grave Robber (level 6, -1/44 HPs)
             Began as a Gnoll Wanderer on Jan 31, 2022.
             Slain by Pikel (9 damage)
             ... on level 3 of the Dungeon.
             The game lasted 00:14:24 (7611 turns).

belegose the Grave Robber (Gnoll Wanderer)          Turns: 7611, Time: 00:14:24

Health: -1/44      AC:  3    Str: 12    XL:     6   Next: 75%
Magic:  11/11      EV: 12    Int: 13    God:
Gold:   164        SH:  0    Dex: 11    Spells: 10/12 levels left

rFire   . . .      SeeInvis .   u - +2 dagger "Zeettedo" {holy, rElec}
rCold   . . .      Faith    .   (no shield)
rNeg    . . .      Spirit   .   b - +0 robe
rPois   .          Reflect  .   m - +0 helmet
rElec   +          Harm     .   (no cloak)
rCorr   .          Rampage  .   (no gloves)
Will    .....                   (no boots)
Stlth   ++........              (no amulet)
HPRegen 0.14/turn               (no ring)
MPRegen 0.12/turn               (no ring)

@: mighty
A: fangs 1, strong nose, distributed training
a: no special abilities


You were on level 3 of the Dungeon.
You visited 1 branch of the dungeon, and saw 5 of its levels.

You collected 164 gold pieces.

Inventory:

Hand Weapons
 f - a +0 short sword
 n - a +0 quarterstaff
 u - the +2 dagger "Zeettedo" (weapon) {holy, rElec}
   (You found it on level 4 of the Dungeon)

   It has been blessed by the Shining One to cause great damage to the undead
   and demons.
   rElec:     It insulates you from electricity.
Missiles
 a - 140 stones (quivered)
 d - 70 bolts
 k - 3 boomerangs
Armour
 b - a +0 robe (worn)
 m - a +0 helmet (worn)
 C - a +4 scale mail
Jewellery
 i - a ring of protection from fire
 y - a ring of flight
Wands
 c - a wand of polymorph (5)
Scrolls
 e - 2 scrolls of teleportation {unknown}
 g - 5 scrolls of identify {unknown}
 h - a scroll of enchant armour {unknown}
 l - a scroll of holy word {unknown}
 o - a scroll of blinking {unknown}
 p - a scroll of fear {unknown}
 t - a scroll of enchant weapon {unknown}
 v - a scroll of noise {unknown}
Potions
 j - 2 potions of curing {unknown}
 q - a potion of attraction {unknown}
 r - a potion of heal wounds {unknown}
 s - a potion of resistance {unknown}
 w - a potion of lignification {unknown}
 x - a potion of haste {unknown}
 z - 2 potions of might
 A - 2 potions of berserk rage {unknown}
 B - a potion of degeneration {unknown}


   Skills:
 + Level 2.1 Fighting
 + Level 2.1 Short Blades
 + Level 2.1 Long Blades
 + Level 2.1 Axes
 + Level 2.1 Maces & Flails
 + Level 2.1 Polearms
 + Level 2.1 Staves
 + Level 2.1 Slings
 + Level 2.1 Bows
 + Level 2.1 Crossbows
 + Level 3.3 Throwing
 + Level 2.1 Armour
 + Level 3.3 Dodging
 + Level 2.1 Stealth
 + Level 2.1 Shields
 + Level 2.1 Unarmed Combat
 + Level 3.5 Spellcasting
 + Level 1.6 Conjurations
 + Level 1.6 Hexes
 + Level 1.6 Summonings
 + Level 5.7 Necromancy
 + Level 1.6 Translocations
 + Level 1.6 Transmutations
 + Level 4.1 Fire Magic
 + Level 1.6 Ice Magic
 + Level 1.6 Air Magic
 + Level 1.6 Earth Magic
 + Level 1.6 Poison Magic
 + Level 2.3 Invocations
 + Level 5.0 Evocations


You had 10 spell levels left.
You knew the following spells:

 Your Spells              Type           Power      Damage    Failure   Level
a - Foxfire               Conj/Fire      36%        2x1d5     7%          1
b - Animate Skeleton      Necr           34%        N/A       1%          1

Your spell library contained the following spells:

 Spells                   Type           Power      Damage    Failure   Level
 Scorch                   Fire           26%        2d6       6%          2
 Vampiric Draining        Necr           17%        2d7       6%          3
 Conjure Flame            Conj/Fire      9%         6-21      21%         3
 Blade Hands              Tmut           3%         N/A       97%         5
 Irradiate                Conj/Tmut      3%         3d15      97%         5
 Dragon Form              Tmut           3%         N/A       100%        7


Dungeon Overview and Level Annotations

Branches:
Dungeon (5/15)
 Temple: D:4-7

Altars:
Hepliaklqana

Annotations:
D:3 Pikel
D:4 Edmund


Innate Abilities, Weirdness & Mutations

You have very sharp teeth.
Your uncanny sense of smell can sniff out nearby items.
Your experience applies equally to all skills.


Message History

You conjure some foxfire!
Pikel hits you with a +2 whip of electrocution!
You are electrocuted!
* * * LOW HITPOINT WARNING * * *
Your foxfire dissipates!
The foxfire hits Pikel but does no damage.
Pikel is lightly wounded.
Your magical contamination has completely faded away.
Throw: 140 stones
Press: ? - help, Q - select action, (/) - cycle Shift-Dir - straight line, f - Pikel
Aim: Pikel, wielding a +2 whip of electrocution and wearing a +0 robe (lightly wounded, 50% to hit)
Okay, then.
Pikel says, "I'm sure the Orcish Mines are around here somewhere..."
Pikel says, "You'll make a fine lemure."
Pikel says, "You'll make a fine lemure."
There is an open door here.
There is an open door here.
Pikel says, "You'll feel the lick of my whip!"
Pikel says, "Time is money, and you're costing me too much!"
Pikel says, "I'm sure the Orcish Mines are around here somewhere..."
Pikel says, "You'll make a fine lemure."
Pikel barely misses you.
Pikel says, "You'll feel the lick of my whip!"
Pikel says, "All the demons know me.
They respect me."
Pikel cracks his whip.
Pikel waves his whip at you.
Pikel cracks his whip.
The +2 dagger "Zeettedo" {holy, rElec} softly glows with a divine radiance!
u - the +2 dagger "Zeettedo" (weapon)
{holy, rElec} Pikel hits you with a +2 whip of electrocution!
Pikel hits you with a +2 whip of electrocution!
You feel very mighty all of a sudden.
You hit Pikel. You bite Pikel.
Pikel is lightly wounded.
Pikel hits you with a +2 whip of electrocution!
* * * LOW HITPOINT WARNING * * *
You completely miss Pikel.
Pikel is lightly wounded.
Pikel hits you with a +2 whip of electrocution!
You die...

#### #...#.###.........# ...##
#.#.#.# #.#.#.#.#.#
....#####.#.#.###.........##
..........#.#.##..#.#.#.#..#
....#####.#................#
....# #.#.#####.#.#.#.#..# #####
#.#.# #..........######
#.#.##########.#.........
#########......K@........#######.
............##########.### #.
##########..##########.# ##
#.............# #<#############
###


You could see Pikel.

Vanquished Creatures
  An ogre (D:4)
  2 lemures
  A water moccasin skeleton (D:4)
  A hound (D:4)
  An orc priest (D:2)
  A bullfrog skeleton (D:4)
  An iguana (D:3)
  A hound zombie (D:5)
  4 adders (D:2)
  2 worms (D:2)
  4 dart slugs
  5 orcs
  4 endoplasms
  3 giant cockroaches
  4 goblins
  7 hobgoblins
  5 jackals (D:4)
  5 kobolds
  5 quokkas
  7 ball pythons
  10 bats
  5 frilled lizards
  5 rats
84 creatures vanquished.

Vanquished Creatures (others)
  179 foxfires
179 creatures vanquished.

Grand Total: 263 creatures vanquished

Notes
Turn   | Place    | Note
-------+----------+-------------------------------------------
     0 | D:1      | belegose the Gnoll Wanderer began the quest for the Orb.
     0 | D:1      | belegose set off with the following items: a +0 club, a +0
                  | robe, a wand of polymorph (5); and the following spells
                  | available to memorise: Animate Skeleton, Scorch, Vampiric
                  | Draining, Foxfire, Conjure Flame
     0 | D:1      | Reached XP level 1. HP: 13/13 MP: 4/4
    13 | D:1      | Learned a level 1 spell: Foxfire
   272 | D:1      | Reached XP level 2. HP: 14/19 MP: 1/5
   987 | D:1      | Found a faded altar of an unknown god.
  1162 | D:1      | Reached XP level 3. HP: 19/25 MP: 7/7
  1347 | D:2      | Reached skill level 1 in Invocations
  1649 | D:2      | Reached skill level 1 in Fighting
  1649 | D:2      | Reached skill level 1 in Short Blades
  1649 | D:2      | Reached skill level 1 in Long Blades
  1649 | D:2      | Reached skill level 1 in Axes
  1649 | D:2      | Reached skill level 1 in Maces & Flails
  1649 | D:2      | Reached skill level 1 in Polearms
  1649 | D:2      | Reached skill level 1 in Staves
  1649 | D:2      | Reached skill level 1 in Slings
  1649 | D:2      | Reached skill level 1 in Bows
  1649 | D:2      | Reached skill level 1 in Crossbows
  1649 | D:2      | Reached skill level 1 in Armour
  1649 | D:2      | Reached skill level 1 in Stealth
  1649 | D:2      | Reached skill level 1 in Shields
  1649 | D:2      | Reached skill level 1 in Unarmed Combat
  1983 | D:2      | Reached XP level 4. HP: 32/32 MP: 5/8
  2085 | D:2      | Reached skill level 1 in Conjurations
  2085 | D:2      | Reached skill level 1 in Hexes
  2085 | D:2      | Reached skill level 1 in Summonings
  2085 | D:2      | Reached skill level 1 in Translocations
  2085 | D:2      | Reached skill level 1 in Transmutations
  2085 | D:2      | Reached skill level 1 in Ice Magic
  2085 | D:2      | Reached skill level 1 in Air Magic
  2085 | D:2      | Reached skill level 1 in Earth Magic
  2085 | D:2      | Reached skill level 1 in Poison Magic
  2924 | D:2      | Reached XP level 5. HP: 29/37 MP: 5/9
  3130 | D:2      | Found a hazy altar of Hepliaklqana.
  4280 | D:3      | Learned a level 1 spell: Animate Skeleton
  4950 | D:4      | Identified the +2 dagger "Zeettedo" {holy, rElec}
  5132 | D:4      | Noticed Edmund
  5171 | D:4      | Noticed a lemure
  5171 | D:4      | Noticed a lemure
  5206 | D:4      | Killed a lemure
  5875 | D:4      | Reached XP level 6. HP: 22/44 MP: 6/11
  6128 | D:4      | Reached skill level 5 in Evocations
  6585 | D:5      | Entered Level 5 of the Dungeon
  6790 | D:4      | Noticed Pikel
  7611 | D:3      | Slain by Pikel

Illustrated notes

Levels and vault maps discovered:
D:1:      minmay_arrival_checkered_box, layout_basic,
          shapermc_ecumenical_altar_pompeii, minmay_pentomino_o2
D:2:      cheibrodos_pilgrimage, layout_basic, serial_forest,
          infiniplex_forest_fountain, infiniplex_forest_clump_diagonal,
          infiniplex_forest_end_1, infiniplex_forest_lined_corner,
          infiniplex_forest_lined_ring, infiniplex_forest_end_1, basic_altar,
          kennysheep_crisscross
D:3:      layout_basic, serial_co_window_serial, co_window_corner_a,
          co_window_corner_a, co_window_of_opportunity_a, co_window_paths_b,
          co_window_corner_a, co_window_corner_ca, co_window_broadway_c,
          co_window_corner_cb, co_window_broadway_a, co_window_2corner,
          glass_columns_c, glass_columns_c, chequers_jeans, grunt_decor_clamped
D:4:      layout_basic, uniq_pikel, uniq_edmund
D:5:      layout_cave_pools, uniq_grinder, uniq_eustachio, uniq_blork_the_orc,
          uniq_menkaure

Skill      XL: |  1  2  3  4  5  6 |
---------------+-------------------+-----
Invocations    | 1 2 |  2.3
Fighting       | 1 2 |  2.1
Short Blades   | 1 2 |  2.1
Long Blades    | 1 2 |  2.1
Axes           | 1 2 |  2.1
Maces & Flails | 1 2 |  2.1
Polearms       | 1 2 |  2.1
Staves         | 1 2 |  2.1
Slings         | 1 2 |  2.1
Bows           | 1 2 |  2.1
Crossbows      | 1 2 |  2.1
Armour         | 1 2 |  2.1
Stealth        | 1 2 |  2.1
Shields        | 1 2 |  2.1
Unarmed Combat | 1 2 |  2.1
Spellcasting   | 3 |  3.5
Conjurations   | 1 |  1.6
Hexes          | 1 |  1.6
Summonings     | 1 |  1.6
Translocations | 1 |  1.6
Transmutations | 1 |  1.6
Ice Magic      | 1 |  1.6
Air Magic      | 1 |  1.6
Earth Magic    | 1 |  1.6
Poison Magic   | 1 |  1.6
Throwing       | 3 |  3.3
Dodging        | 3 |  3.3
Fire Magic     | 4 |  4.1
Evocations     | 5 |  5.0
Necromancy     | |  5.7

Action                   |  1- 3 |  4- 6 || total
-------------------------+-------+-------++-------
Melee: Club              |    21 |       ||    21
       Bite              |     2 |    12 ||    14
       Short sword       |    54 |    39 ||    93
       Punch             |     2 |     1 ||     3
       Quarterstaff      |       |   104 ||   104
       Dagger            |       |     2 ||     2
Throw: Stone             |       |     2 ||     2
 Cast: Foxfire           |    22 |    82 ||   104
  Use: Potion            |       |     1 ||     1
 Stab: Sleeping          |       |     4 ||     4
       Distracted        |       |     1 ||     1
Armor: Robe              |    16 |    37 ||    53
Dodge: Dodged            |    69 |   133 ||   202
